 Dungeon Crawl Stone Soup version 0.19-a0-854-gc78d25d (webtiles) character file.

424 Implojin the Cleaver (level 6, 0/51 HPs)
             Began as a Minotaur Berserker on July 1, 2016.
             Was a Believer of Trog.
             Killed by nerve-wracking pain
             ... invoked by a shadow imp
              (4 damage)
             ... on level 6 of the Dungeon.
             The game lasted 00:02:48 (479 turns).

Implojin the Cleaver (Minotaur Berserker)            Turns: 479, Time: 00:02:49

Health: 0/51       AC:  5    Str: 22    XL:     6   Next: 64%
Magic:  5/5        EV: 10    Int:  4    God:    Trog [**....]
Gold:   55         SH:  3    Dex: 11    Spells: 0 memorised, 5 levels left

rFire  . . .     SeeInvis .     a - +0 hand axe
rCold  . . .     Gourm    .     g - +0 ring mail
rNeg   . . .     Faith    .     j - +0 buckler
rPois  .         Spirit   .     (helmet restricted)
rElec  .         Dismiss  .     (no cloak)
rCorr  .         Reflect  .     (no gloves)
SustAt .         Harm     .     (no boots)
MR     .....                    (no amulet)
Stlth  +.........               (no ring)
                                (no ring)

@: exhausted, not resistant to hostile enchantments, very unstealthy
A: retaliatory headbutt, horns 2
a: Berserk, Trog's Hand, Burn Spellbooks, Renounce Religion


You were on level 6 of the Dungeon.
You worshipped Trog.
Trog was pleased with you.
You were not hungry.

You visited 1 branch of the dungeon, and saw 7 of its levels.

You collected 55 gold pieces.

Inventory:

Hand Weapons
 a - a +0 hand axe (weapon)
Armour
 b - a +0 animal skin
 g - a +0 ring mail (worn)
 j - a +0 buckler (worn)
Wands
 k - a wand of polymorph (14/24)
Scrolls
 e - a scroll of identify {unknown}
 i - 2 scrolls of magic mapping {unknown}
 m - 2 scrolls of teleportation {unknown}
Potions
 h - a potion of flight {unknown}
 l - a potion of degeneration {unknown}
Comestibles
 c - a bread ration
 d - a meat ration
 f - 7 chunks of flesh


   Skills:
 - Level 3.6 Fighting
 * Level 9.1 Axes
 - Level 2.4 Armour
 - Level 2.1 Dodging


You had 5 spell levels left.
You didn't know any spells.

Dungeon Overview and Level Annotations

Branches:
Dungeon (7/15)
 Temple: D:4-7

Altars:


Innate Abilities, Weirdness & Mutations

You reflexively headbutt those who attack you in melee.
You have a pair of horns on your head.


Message History

There is a stone staircase leading down here.
Unknown command.
You slash the hound skeleton! The hound skeleton closely misses you.
Unknown command.
You hit the hound skeleton. You headbutt the hound skeleton!
You destroy the hound skeleton!
You hit the shadow imp. You block the shadow imp's attack.
You hit the shadow imp.
The shadow imp is almost dead.
The shadow imp hits you but does no damage.
A centaur comes into view.
The centaur shouts!
You hit the shadow imp but do no damage.
The shadow imp is almost dead.
The centaur wields a runed shortbow.
The centaur shoots an arrow.
The arrow hits you!
* * * LOW HITPOINT WARNING * * *
The shadow imp hits you but does no damage.
The centaur shoots an arrow.
The arrow completely misses you.
You climb downwards.
There is a stone staircase leading up here.
Things that are here:
a leather armour; a dagger; an orc corpse Unknown command.
Unknown command.
You closely miss the shadow imp.
The shadow imp is almost dead.
The shadow imp closely misses you.
Unknown command.
You closely miss the shadow imp. You headbutt the shadow imp.
The shadow imp is almost dead.
The shadow imp shouts, "Crawl home, thou goatish fool-headed ruminant!"
The shadow imp hits you.
* * * LOW HITPOINT WARNING * * *
Unknown command.
You barely miss the shadow imp. Your headbutt misses the shadow imp.
The shadow imp is almost dead.
The shadow imp gestures at you. Pain shoots through your body!
You die...

. .## .##
... ..
#.##.###
#.#....#
#####.#..#.#
#....>.....#
#.###.#.####
#.@.##.#
#[5....#
#......#
#.#.####
#.#.# .....
##.#.##
#.#.# #.#.#


You could see a shadow imp.

Vanquished Creatures
  An ice beast (D:5)
  An ogre (D:5)
  A crimson imp (D:6)
  A hound (D:5)
  A centaur skeleton (D:5)
  3 orc priests (D:6)
  A hound skeleton (D:5)
  3 gnolls (D:4)
  2 oozes (D:2)
  A worm (D:2)
  A dart slug (D:2)
  A giant gecko (D:3)
  An orc (D:6)
  2 ball pythons (D:3)
  4 goblins (D:3)
  A hobgoblin (D:3)
  A kobold (D:3)
  A quokka (D:3)
  A bat (D:3)
  2 giant newts
  A quokka zombie (D:6)
31 creatures vanquished.

Notes
Turn   | Place    | Note
-------+----------+-------------------------------------------
     0 | D:1      | Implojin the Minotaur Berserker began the quest for the Orb.
     0 | D:1      | Reached XP level 1. HP: 19/19 MP: 0/0
    14 | D:2      | Reached skill level 4 in Axes
    23 | D:2      | Reached XP level 2. HP: 3/26 MP: 1/1
   179 | D:3      | Reached skill level 5 in Axes
   223 | D:3      | Reached XP level 3. HP: 16/31 MP: 2/2
   231 | D:3      | Reached ** piety under Trog
   277 | D:5      | Entered Level 5 of the Dungeon
   277 | D:5      | Noticed a killer bee
   278 | D:5      | Noticed a killer bee
   278 | D:5      | Noticed a killer bee
   279 | D:5      | Noticed a killer bee
   285 | D:5      | Reached skill level 6 in Axes
   285 | D:5      | Reached XP level 4. HP: 10/39 MP: 3/3
   294 | D:5      | Noticed a sky beast
   311 | D:5      | Noticed an ogre
   318 | D:5      | Killed an ogre
   318 | D:5      | Reached skill level 7 in Axes
   318 | D:5      | Reached XP level 5. HP: 22/45 MP: 4/4
   319 | D:5      | Noticed an ice beast
   321 | D:5      | Killed an ice beast
   321 | D:5      | Reached skill level 8 in Axes
   321 | D:5      | Reached XP level 6. HP: 28/51 MP: 5/5
   437 | D:6      | Reached skill level 9 in Axes
   479 | D:6      | Killed from afar by a shadow imp

Vault maps used:
D:1:      dpeg_arrival_pits, minmay_misc_feat_plants
D:2:      tso_metal_star, first_bread
D:3:      minmay_misc_feat_rows, kennysheep_generic_room_9, uniq_robin,
          uniq_grinder
D:4:      old_forge, nicolae_overflow_quartered_altars, led_xom_imps,
          uniq_natasha
D:5:      kennysheep_six_static_rooms, minmay_guarded_unrand_staff_of_olgreb
D:6:      corexii_shack_village, serial_shops, nicolae_shop_waterfront,
          nicolae_alphabet_shops, lemuel_statue_altar, uniq_prince_ribbit1,
          uniq_duvessa
D:7:      old_standard_altar, the_bakery, uniq_pikel

Skill      XL: |  1  2  3  4  5  6 |
---------------+-------------------+-----
Axes           | 4 5 6 7 8 9 |  9.1
Fighting       | |  3.6
Armour         | |  2.4
Dodging        | |  2.1

Action                   |  1- 3 |  4- 6 || total
-------------------------+-------+-------++-------
Melee: Hand axe          |    37 |    34 ||    71
       Headbutt          |     8 |    11 ||    19
Invok: Berserk           |     3 |     2 ||     5
       Trog's Hand       |       |     1 ||     1
  Eat: Chunk             |     1 |     3 ||     4
Armor: Animal skin       |     1 |       ||     1
       Ring mail         |     8 |     9 ||    17
Dodge: Dodged            |    21 |     8 ||    29
Block: Buckler           |       |     2 ||     2

Table legend:
 A = Turns spent in this place as a percentage of turns spent in the entire game.
 B = Non-inter-level travel turns spent in this place as a percentage of non-inter-level travel turns spent in the entire game.
 C = Inter-level travel turns spent in this place as a percentage of turns spent in this place.
 D = Turns resting spent in this place as a percentage of non-inter-level travel turns spent in this place.
 E = Turns spent auto-exploring this place as a percentage of non-inter-level travel turns spent in this place.
 F = Non-inter-level travel turns spent in this place divided by the number of levels of this place that you've seen.
                   A       B       C       D       E      F
               +-------+-------+-------+-------+-------+----------------------
         Total | 100.0 | 100.0 |   0.0 |   2.3 |   0.0 |  61.1
       Dungeon | 100.0 | 100.0 |   0.0 |   2.3 |   0.0 |  61.1
               +-------+-------+-------+-------+-------+----------------------

Table legend:
 A = Kills in this place as a percentage of kills in entire the game.
 B = Kills by you in this place as a percentage of kills by you in the entire game.
 C = Kills by friends in this place as a percentage of kills by friends in the entire game.
 D = Other kills in this place as a percentage of other kills in the entire game.
 E = Experience gained in this place as a percentage of experience gained in the entire game.
 F = Experience gained in this place divided by the number of levels of this place that you have seen.
                   A       B       C       D       E      F
               +-------+-------+-------+-------+-------+----------------------
         Total | 100.0 | 100.0 |  -nan |  -nan | 100.0 |  86.6
       Dungeon | 100.0 | 100.0 |  -nan |  -nan | 100.0 |  86.6
               +-------+-------+-------+-------+-------+----------------------
